 Dungeon Crawl Stone Soup version 0.13.0-27-gc65393c (webtiles) character file.

98 Lilouch the Firebug (level 3, -1/19 HPs)
             Began as a Deep Elf Fire Elementalist on Nov 2, 2013.
             Was an Initiate of Kikubaaqudgha.
             Slain by Crazy Yiuf
             ... wielding a +2,+4 quarterstaff of chaos
              (2 damage)
             ... on Level 2 of the Dungeon.
             The game lasted 00:11:24 (1312 turns).

Lilouch the Firebug (Deep Elf Fire Elementalist)    Turns: 1312, Time: 00:11:24

HP  -1/19        AC  2     Str  5      XL: 3   Next: 25%
MP   3/9         EV 13     Int 20      God: Kikubaaqudgha [......]
Gold 60          SH  0     Dex 15      Spells:  1 memorised,  5 levels left

Res.Fire  : . . .   See Invis. : .   (no weapon)
Res.Cold  : . . .   Warding    : .   a - +0 elf robe
Life Prot.: . . .   Conserve   : .   (no shield)
Res.Poison: .       Res.Corr.  : .   (no helmet)
Res.Elec. : .       Clarity    : .   (no cloak)
Sust.Abil.: . .     Spirit.Shd : .   (no gloves)
Res.Mut.  : .       Stasis     : .   (no boots)
Res.Rott. : .       Flight     : .   (no amulet)
Saprovore : . . .                    (no ring)
                                     (no ring)

@: very slightly contaminated, slightly resistant to hostile enchantments,
fairly stealthy
A: no striking features
a: Renounce Religion


You were on level 2 of the Dungeon.
You worshipped Kikubaaqudgha.
Kikubaaqudgha was noncommittal.
You were hungry.

You visited 1 branch of the dungeon, and saw 3 of its levels.

You collected 40 gold pieces.

Inventory:

Hand weapons
 t - a +0,+0 dagger (quivered)
 w - a -1,+0 orcish club
Armour
 a - a +0 elven robe (worn)
 n - a +0 elven ring mail
 y - a +0 leather armour
Magical devices
 v - a wand of slowing (13) {unknown}
Comestibles
 c - a bread ration
 j - a rotting chunk of jackal flesh
 s - a lemon
 z - a meat ration
Scrolls
 e - a scroll of noise {unknown}
 f - 2 scrolls of enchant weapon I {unknown}
 h - 2 scrolls of recharging {unknown}
 i - a scroll of curse weapon {unknown}
 k - a scroll of random uselessness {unknown}
 l - 2 scrolls of magic mapping {unknown}
 u - a scroll of identify {unknown}
 x - a scroll of enchant armour {unknown}
 A - a scroll of remove curse {unknown}
Potions
 d - 2 potions of agility {unknown}
 g - a potion of brilliance {unknown}
 m - a potion of curing {unknown}
Books
 b - a book of Flames

   Spells                             Type                      Level
   *Flame Tongue                      Conjuration/Fire             1
   Throw Flame                        Conjuration/Fire             2
   Conjure Flame                      Conjuration/Fire             3
   Inner Flame                        Hexes/Fire                   3
   Sticky Flame                       Conjuration/Fire             4
   Fireball                           Conjuration/Fire             5


   Skills:
 - Level 1.1 Armour
 - Level 2.4 Dodging
 - Level 2.4 Stealth
 + Level 2.4 Spellcasting
 * Level 2.1 Conjurations
 + Level 3.5 Fire Magic


You had 5 spell levels left.
You knew the following spells:

 Your Spells              Type           Power        Failure   Level  Hunger
a - Flame Tongue          Conj/Fire      ##...        6%          1    #......


Dungeon Overview and Level Annotations

Branches:
Dungeon (3/27)

Altars:
Kikubaaqudgha

Annotations:
D:2 Crazy Yiuf


Message History

Casting: Flame Tongue
Confirm with . or Enter, or press ? or * to list all spells.
Aiming: Flame Tongue
Press: ? - help, Shift-Dir - straight line, f/p - Crazy Yiuf
Aim: Crazy Yiuf, wielding a quarterstaff of chaos and wearing a cloak (heavily wounded, unusually strong)
The flame hits Crazy Yiuf.
Crazy Yiuf is severely wounded.
Crazy Yiuf hits you with a quarterstaff of chaos!
Ouch! That really hurt!
* * * LOW HITPOINT WARNING * * *
Crazy Yiuf draws strength from your injuries!
Casting: Flame Tongue
Confirm with . or Enter, or press ? or * to list all spells.
Aiming: Flame Tongue
Press: ? - help, Shift-Dir - straight line, f/p - Crazy Yiuf
Aim: Crazy Yiuf, wielding a quarterstaff of chaos and wearing a cloak (heavily wounded, unusually strong)
The flame misses Crazy Yiuf.
Crazy Yiuf hits you with a quarterstaff of chaos.
You die...
Kikubaaqudgha rasps: "You have failed me!
Welcome... death!"

###.#
##...#
#....#
#....#
##....##
♣♣....♣♣
♣♣♣.♣.♣♣
♣♣♣♣.♣♣♣
♣♣♣♣@♣♣
♣♣g♣♣♣
♣♣.♣♣♣
♣)♣♣♣
#)##♣ ..
#.) #))
###


You could see Crazy Yiuf.

Vanquished Creatures
  A giant mite (D:2)
  3 giant geckos
  3 bats
  3 goblins
  2 hobgoblins (D:1)
  2 jackals (D:3)
  5 kobolds
  A ball python (D:1)
  A giant newt (D:1)
  7 rats
28 creatures vanquished.

Notes
Turn   | Place    | Note
--------------------------------------------------------------
     0 | D:1      | Lilouch, the Deep Elf Fire Elementalist, began the quest for the Orb.
     0 | D:1      | Reached XP level 1. HP: 10/10 MP: 4/4
   175 | D:1      | Reached skill level 1 in Armour
   336 | D:1      | Reached XP level 2. HP: 10/15 MP: 1/6
   846 | D:2      | Reached XP level 3. HP: 19/19 MP: 6/9
  1183 | D:3      | Found an ancient bone altar of Kikubaaqudgha.
  1198 | D:3      | Became a worshipper of Kikubaaqudgha
  1299 | D:2      | Noticed Crazy Yiuf
  1312 | D:2      | Slain by Crazy Yiuf

Action                   || total
-------------------------++-------
Melee: Unarmed           ||     1
Throw: Dagger            ||    29
       Club              ||    12
       Hand axe          ||    13
 Cast: Flame Tongue      ||    52
